 Dungeon Crawl Stone Soup version 0.27-a0-148-g9515ab555c (webtiles) character file.

Game seed: 3138430758988382911

522 knot the Chopper (level 7, 52/52 HPs)
             Began as a Demonspawn Berserker on Jan 26, 2021.
             Was a Priest of Trog.
             Quit the game on level 4 of the Dungeon.
             The game lasted 00:03:39 (3881 turns).

knot the Chopper (Demonspawn Berserker)             Turns: 3881, Time: 00:03:39

Health: 52/52      AC: 11    Str: 17    XL:     7   Next: 1%
Magic:  7/7        EV: 11    Int: 10    God:    Trog [***...]
Gold:   190        SH:  4    Dex: 13    Spells: 6/6 levels left

rFire    + . .     SeeInvis .   a - +0 hand axe
rCold    . . .     Faith    +   (no shield)
rNeg     . . .     Spirit   .   o - +0 ring mail
rPois    +         Reflect  .   (helmet restricted)
rElec    .         Harm     .   w - +0 cloak {rPois}
rCorr    .         Rampage  .   (no gloves)
Will     .....                  r - +0 pair of boots
Stlth    +.........             v - amulet of faith
HPRegen  0.17/turn              h - +4 ring of protection
MPRegen  0.10/turn              d - ring of protection from fire

@: no status effects
A: antennae 1, large bone plates 1, ignite blood 1
a: Renounce Religion, Berserk, Trog's Hand


You were on level 4 of the Dungeon.
You worshipped Trog.
Trog was most pleased with you.
You visited 1 branch of the dungeon, and saw 4 of its levels.

You collected 190 gold pieces.

Inventory:

Hand Weapons
 a - a +0 hand axe (weapon)
Missiles
 i - 133 stones
 y - 4 boomerangs
Armour
 o - a +0 ring mail (worn)
 r - a +0 pair of boots (worn)
 w - a +0 cloak of poison resistance (worn)
Jewellery
 d - a ring of protection from fire (right hand)
 h - a +4 ring of protection (left hand)
 j - a +6 ring of intelligence
 u - an uncursed ring of stealth
 v - an amulet of faith (around neck)
 z - an uncursed ring of protection from fire
Scrolls
 e - 2 scrolls of remove curse {unknown}
 f - 3 scrolls of magic mapping {unknown}
 l - a scroll of fear {unknown}
 m - a scroll of immolation {unknown}
 n - a scroll of identify {unknown}
 p - 3 scrolls of enchant armour {unknown}
 t - 2 scrolls of enchant weapon {unknown}
Potions
 b - a potion of ambrosia {unknown}
 c - 3 potions of haste {unknown}
 g - a potion of flight {unknown}
 k - a potion of might {unknown}
 q - 2 potions of brilliance {unknown}
 s - 3 potions of curing {unknown}
 x - a potion of magic {unknown}
 A - a potion of heal wounds {unknown}
 B - a potion of mutation {unknown}


   Skills:
 - Level 3.0 Fighting
 + Level 7.3 Axes
 - Level 1.7 Armour
 - Level 1.7 Dodging


You had 6 spell levels left.
You didn't know any spells.
Your spell library was empty.

Dungeon Overview and Level Annotations

Branches:
Dungeon (4/15)
 Temple: D:4-7

Altars:
Cheibriados


Innate Abilities, Weirdness & Mutations

You have a pair of small antennae on your head.
You are partially covered in large bone plates. (SH +4)
Your demonic aura sometimes causes spilled blood to erupt in flames


Message History

The phantom is almost destroyed.
The phantom hits you but does no damage.
You barely miss the phantom.
The phantom is almost destroyed.
The phantom hits you.
The phantom blinks!
You hit the phantom.
You destroy the phantom!
Trog accepts your kill.
You have reached level 7!
Your demonic ancestry asserts itself...
Large bone plates grow over parts of your arms.
HP restored.
A - a golden potion
B - a fizzy red potion No target in view!
No target in view!
No target in view!
Are you sure you want to abandon this character and quit the game? (Confirm with "yes".)
Okay, then.
Are you sure you want to abandon this character and quit the game? (Confirm with "yes".)

#.###.#........## #.
#..............# ##
##########.##.......#
#......(...###.....##
#.########## ##...##
#.####### ##.## ##
#.#.....# #.# #.
#.#.....########.# #.
#...........@....# #.
###.....######...# #.
#.....# ..... #.
###.### .### #. #.#
.############ #.#
......#...#.. #.#
.###.###...#..#.. #.#
...........#.#.# #.#
#..####...(###.


There were no monsters in sight!

Vanquished Creatures
  A phantom (D:4)
  A scorpion (D:4)
  A howler monkey (D:4)
  A bullfrog skeleton (D:4)
  2 orc priests (D:3)
  Natasha (D:4)
  3 worker ants (D:4)
  A hound zombie (D:4)
  4 adders
  3 gnolls (D:4)
  An ooze (D:4)
  2 worms
  3 dart slugs
  4 leopard geckos
  3 orcs (D:3)
  2 giant cockroaches
  6 goblins
  7 hobgoblins
  2 jackals (D:3)
  A ball python (D:1)
  3 bats
  7 frilled lizards
  9 kobolds
  11 rats
79 creatures vanquished.

Vanquished Creatures (others)
  2 plants (D:2)
2 creatures vanquished.

Grand Total: 81 creatures vanquished

Notes
Turn   | Place    | Note
-------+----------+-------------------------------------------
     0 | D:1      | knot the Demonspawn Berserker began the quest for the Orb.
     0 | D:1      | Reached XP level 1. HP: 18/18 MP: 1/1
   147 | D:1      | Reached skill level 3 in Axes
   259 | D:1      | Gained mutation: Your demonic aura sometimes causes spilled
                  | blood to erupt in flames [demonic ancestry]
   259 | D:1      | Reached XP level 2. HP: 15/24 MP: 2/2
  1148 | D:2      | Reached skill level 4 in Axes
  1148 | D:2      | Reached XP level 3. HP: 29/29 MP: 3/3
  1196 | D:2      | Found a snail-covered altar of Cheibriados.
  1224 | D:2      | Reached ** piety under Trog
  1782 | D:3      | Reached XP level 4. HP: 32/35 MP: 4/4
  2620 | D:3      | Reached skill level 5 in Axes
  2622 | D:3      | Reached XP level 5. HP: 38/41 MP: 5/5
  3077 | D:4      | Reached *** piety under Trog
  3119 | D:4      | Reached skill level 6 in Axes
  3226 | D:4      | Gained mutation: You have a pair of small antennae on your
                  | head. [demonic ancestry]
  3226 | D:4      | Reached XP level 6. HP: 31/47 MP: 6/6
  3620 | D:4      | Noticed Natasha
  3628 | D:4      | Killed Natasha
  3629 | D:4      | Reached skill level 7 in Axes
  3843 | D:4      | Gained mutation: You are partially covered in large bone
                  | plates. (SH +4) [demonic ancestry]
  3843 | D:4      | Reached XP level 7. HP: 48/52 MP: 7/7
  3881 | D:4      | Quit the game

Illustrated notes

Levels and vault maps discovered:
D:1:      lemuel_arrival_muddy, layout_loops_cross
D:2:      layout_loops_ring, lemuel_crystal_altar, serial_forest,
          infiniplex_forest_straight_2, infiniplex_forest_clump_curved,
          infiniplex_forest_straight_2, infiniplex_forest_clump_diagonal,
          infiniplex_forest_corner_1, infiniplex_forest_lined_room_2,
          infiniplex_forest_clump_large, infiniplex_forest_corner_2
D:3:      layout_loops_ring, wander_ebering_terrifying_dragon_lair
D:4:      layout_loops_ring, gammafunk_temple_overflow_statue,
          hangedman_decor_diamond_cutter, st_stairs_1, minmay_door_square,
          uniq_natasha

Skill      XL: |  1  2  3  4  5  6 |
---------------+-------------------+-----
Axes           | 3 4 5 6 7 |  7.3
Fighting       | |  3.0
Armour         | |  1.7
Dodging        | |  1.7

Action                   |  1- 3 |  4- 6 |  7- 9 || total
-------------------------+-------+-------+-------++-------
Melee: Hand axe          |   128 |   214 |       ||   342
Invok: Berserk           |     1 |     4 |       ||     5
Armor: Animal skin       |    20 |       |       ||    20
       Ring mail         |    21 |    85 |       ||   106
Dodge: Dodged            |    72 |   118 |       ||   190

Table legend: (Time is in decaauts)
 A = Elapsed time spent in this place.
 B = Non-inter-level travel time spent in this place.
 C = Inter-level travel time spent in this place.
 D = Time resting spent in this place.
 E = Time spent auto-exploring this place.
 F = Levels seen in this place.
 G = Mean time per level.
                   A        B        C        D        E       F      G
               +--------+--------+--------+--------+--------+-----+--------+
         Total |   3947 |   3853 |     94 |    795 |   2419 |   4 |  986.8 |
       Dungeon |   3947 |   3853 |     94 |    795 |   2419 |   4 |  986.8 |
               +--------+--------+--------+--------+--------+-----+--------+

Top non-repeatable levels by time:
     D:3: 1338 daAuts
     D:1: 1096 daAuts
     D:4: 878 daAuts
     D:2: 634 daAuts
